 Dungeon Crawl Stone Soup version 0.24.0-123-gd5b16e6ec5 (webtiles) character file.

Game seed: 3197593284067868105, levelgen mode: deterministic

1075 Napalmbreeze the Gouger (level 8, -17/35 HPs)
             Began as a Felid Berserker on Jan 19, 2020.
             Was an Elder of Trog.
             Demolished by an Executioner (29 damage)
             ... summoned by a lich
             ... on level 2 of the Abyss.
             The game lasted 00:20:03 (10725 turns).

Napalmbreeze the Gouger (Felid Berserker)          Turns: 10725, Time: 00:20:03

Health: -17/35     AC:  2    Str: 13      XL:     8   Next: 8%
Magic:  11/11      EV: 26    Int:  8 (10) God:    Trog [****..]
Gold:   462        SH:  0    Dex: 18      Spells: 7/7 levels left
                                        Lives:  0   Deaths: 3

rFire    x . .     SeeInvis +     - Unarmed
rCold    + . .     Gourm    .   (shield unavailable)
rNeg     . . .     Faith    .   (armour unavailable)
rPois    .         Spirit   .   (helmet unavailable)
rElec    .         Reflect  .   (cloak unavailable)
rCorr    .         Harm     .   (gloves unavailable)
MR       +....                  (boots unavailable)
Stlth    ++++......             (no amulet)
HPRegen  0.11/turn              v - ring of ice
MPRegen  0.12/turn              (no ring)

@: quick
A: very small, no armour, no weapons or thrown items, stealth, claws 1, fangs 3,
see invisible, carnivore, speed 1, frail 1, low mp 1, shaggy fur 2, slow
metabolism 1, sharp paws
a: Berserk, Trog's Hand, Brothers in Arms, Renounce Religion


You were on level 2 of the Abyss.
You worshipped Trog.
Trog was greatly pleased with you.
You were not hungry.

You visited 1 branch of the dungeon, and saw 9 of its levels.
You visited the Abyss 1 time.

You collected 462 gold pieces.

Inventory:

Jewellery
 r - an uncursed ring of poison resistance {unknown}
 v - a ring of ice (left paw)
Wands
 g - a wand of paralysis (9)
 i - a wand of enslavement (9)
 j - a wand of flame (7)
 q - a wand of polymorph (4)
 u - a wand of iceblast (11)
Scrolls
 b - 4 scrolls of remove curse
 d - 3 scrolls of identify
 e - a scroll of teleportation
 h - a scroll of immolation {unknown}
 l - a scroll of fear
 o - 3 scrolls of magic mapping
 s - a scroll of fog {unknown}
 w - a scroll of vulnerability {unknown}
 x - a scroll of blinking {unknown}
Potions
 c - a potion of haste {unknown}
 f - a potion of curing {unknown}
 k - a potion of cancellation {unknown}
 m - 4 potions of invisibility
 n - 2 potions of flight
 p - 2 potions of magic
 t - a potion of agility {unknown}
 z - a potion of lignification {unknown}
Comestibles
 a - 15 rations


   Skills:
 + Level 6.6 Fighting
 - Level 10.0 Dodging
 - Level 6.3 Stealth
 + Level 10.4 Unarmed Combat
 - Level 5.1 Evocations


You had 7 spell levels left.
You didn't know any spells.
Your spell library was empty.

Dungeon Overview and Level Annotations

Branches:
Dungeon (9/15)             Temple (0/1) D:5
   Lair: D:8-11         Orc: D:9-12

Altars:
Cheibriados
Dithmenos
Fedhas
Hepliaklqana
Kikubaaqudgha
Makhleb
Okawaru
Qazlal
Ru
Sif Muna
Trog
Vehumet
Xom

Shops:
D:4 =

Annotations:
D:9 Psyche


Innate Abilities, Weirdness & Mutations

You cannot wear armour.
You are incapable of wielding weapons or throwing items.
Your paws allow you to move quietly. (Stealth)
You have sharp claws.
You have razor-sharp teeth.
You have supernaturally acute eyesight. (SInv)
You are carnivorous and can eat meat at any time.
You cover ground quickly.
You are covered in thick fur. (AC +2)
You have a slow metabolism.
Your sharp claws are effective at attacking unaware monsters.
You are frail. (-10% HP)
Your magical capacity is low. (-10% MP)


Message History

e - a scroll of teleportation The ufetubus completely misses you.
The ufetubus closely misses you. x2
The ufetubus completely misses you. The ufetubus completely misses you. x2
A lich comes into view.
The lich shouts!
Found a scroll of teleportation.
The lich casts a spell.
Found a hunting sling.
The lich casts a spell.
The lich flickers and vanishes for a moment.
The ufetubus completely misses you. The ufetubus hits you.
The Executioner gestures.
The Executioner seems to speed up.
The ufetubus misses you. The ufetubus completely misses you.
Found 21 gold pieces.
You see here a hunting sling.
The Executioner hits you!!
Ouch! That really hurt!
You die...

.. ## #.#.##.. ... .
...#..#.#..##
...#.?##....## #
#.#L1#....#.. #####
.#( ...#... #. .#..#
...#.##....#. #.#..#.#
. ...#. .###.###@...#
.....##.#..#####1...#
.##......XL..5...#.#.#
# #......#.##..ยง...#
.# #....###.
##.#...#..... #....#
#.# ##..###..###
.....# ... .### #.$
...... ##.### .##
###.# # .


You could see an Executioner.

Vanquished Creatures
  A two-headed ogre (D:8)
  A centaur skeleton (D:8)
  An ancient zyme (Abyss:1)
  A slime creature (D:8)
  A large abomination (Abyss:1)
  2 water moccasins
  2 ice beasts
  An orc warrior (D:8)
  A sky beast (D:7)
  3 ogres
  A phantom (D:6)
  2 centaurs
  A small abomination (Abyss:1)
  A crocodile (D:7)
  5 big kobolds (D:8)
  5 bullfrogs
  A water moccasin zombie (D:7)
  4 scorpions
  A crimson imp (D:6)
  A quasit (Abyss:1)
  A bullfrog zombie (D:6)
  A centaur zombie (D:7)
  2 hounds
  11 jellies (D:8)
  4 orc wizards
  Crazy Yiuf (D:7)
  An orc priest (D:4)
  2 bullfrog skeletons
  2 iguanas (D:7)
  Natasha (thrice) (D:2)
  3 worker ants
  A hound zombie (D:7)
  A howler monkey zombie (D:6)
  2 worker ant zombies
  7 gnolls
  2 howler monkey skeletons
  6 adders
  2 shadow imps
  A white imp (Abyss:1)
  8 oozes (D:8)
  An adder skeleton (D:6)
  3 dart slugs
  A leopard gecko (D:8)
  13 orcs
  4 giant cockroaches
  6 goblins
  4 hobgoblins
  7 kobolds
  A quokka (D:4)
  7 bats
  2 frilled lizards (D:1)
  A giant cockroach zombie (D:6)
  2 leopard gecko zombies (D:5)
  A quokka zombie (D:7)
  4 rats
154 creatures vanquished.

Vanquished Creatures (others)
  A fungus (D:8)
  4 toadstools (D:8)
5 creatures vanquished.

Grand Total: 159 creatures vanquished

Notes
Turn   | Place    | Note
-------+----------+-------------------------------------------
     0 | D:1      | Napalmbreeze the Felid Berserker began the quest for the
                  | Orb.
     0 | D:1      | Reached XP level 1. HP: 10/10 MP: 2/2
   161 | D:1      | Reached XP level 2. HP: 14/14 MP: 3/3
   532 | D:1      | You fall into a shaft and drop 1 floor!
   675 | D:2      | Noticed Natasha
   682 | D:2      | Killed Natasha
   682 | D:2      | Reached XP level 3. HP: 6/17 MP: 4/4
   942 | D:2      | Found an iron altar of Okawaru.
   948 | D:2      | Noticed Natasha
   960 | D:2      | Killed Natasha
   960 | D:2      | Reached XP level 4. HP: 21/21 MP: 5/5
  1696 | D:2      | Noticed Natasha
  1706 | D:2      | Killed Natasha
  2073 | D:3      | Reached skill level 5 in Dodging
  2280 | D:3      | Reached ** piety under Trog
  2296 | D:3      | Reached XP level 5. HP: 24/25 MP: 6/6
  2576 | D:3      | Found a sacrificial altar of Ru.
  2941 | D:4      | Reached skill level 5 in Unarmed Combat
  3010 | D:4      | Found a radiant altar of Vehumet.
  3010 | D:4      | Found a hazy altar of Hepliaklqana.
  3011 | D:4      | Found a blossoming altar of Fedhas.
  3035 | D:4      | Gained mutation: You are covered in thick fur. (AC +2)
                  | [Felid growth]
  3035 | D:4      | Reached XP level 6. HP: 4/28 MP: 7/7
  3223 | D:4      | Found Wuxkol's Jewellery Shoppe.
  3759 | D:4      | Found a burning altar of Makhleb.
  3874 | D:5      | Entered Level 5 of the Dungeon
  4025 | D:5      | Reached XP level 7. HP: 25/32 MP: 8/8
  4252 | D:5      | Noticed a fire elemental
  4253 | D:5      | Found a stormy altar of Qazlal.
  4254 | D:5      | Noticed a water elemental
  4255 | D:5      | Noticed an air elemental
  4375 | D:5      | Found a staircase to the Ecumenical Temple.
  4507 | D:5      | Found a shadowy altar of Dithmenos.
  5055 | D:6      | Found a snail-covered altar of Cheibriados.
  5208 | D:6      | Reached XP level 8. HP: 36/36 MP: 9/9
  5247 | D:6      | Found a shimmering blue altar of Sif Muna.
  5264 | D:6      | Found an ancient bone altar of Kikubaaqudgha.
  5433 | D:6      | Reached skill level 1 in Stealth
  6056 | D:7      | Reached *** piety under Trog
  6202 | D:7      | Found a runed translucent door.
  6203 | D:7      | Noticed Crazy Yiuf
  6255 | D:7      | Killed Crazy Yiuf
  6255 | D:7      | Reached skill level 5 in Fighting
  6499 | D:7      | Reached skill level 5 in Stealth
  6509 | D:7      | Slain by a bullfrog skeleton
  6510 | D:7      | Reached XP level 7. HP: -1/33 MP: 8/8
  6609 | D:7      | Found a shimmering altar of Xom.
  6611 | D:7      | Found a shimmering altar of Xom.
  6611 | D:7      | Found a shimmering altar of Xom.
  6611 | D:7      | Found a shimmering altar of Xom.
  6765 | D:7      | Reached XP level 8. HP: 38/38 MP: 9/9
  6815 | D:7      | Reached skill level 1 in Evocations
  7845 | D:8      | Reached XP level 9. HP: 28/41 MP: 12/12
  7977 | D:8      | Noticed a two-headed ogre
  7988 | D:8      | Killed a two-headed ogre
  8039 | D:8      | Reached skill level 10 in Dodging
  8130 | D:8      | Reached skill level 5 in Evocations
  8488 | D:8      | Found a bloodstained altar of Trog.
  8713 | D:8      | Reached **** piety under Trog
  8935 | D:8      | Reached skill level 10 in Unarmed Combat
  9294 | D:9      | Noticed Psyche
  9300 | D:9      | Cast into level 1 of the Abyss (Psyche)
  9394 | Abyss:1  | Found a corrupted altar of Lugonu.
  9434 | Abyss:1  | Noticed a smoke demon
  9456 | Abyss:1  | Noticed a shadow wraith
  9722 | Abyss:1  | Noticed a large abomination
  9822 | Abyss:1  | Noticed an ancient zyme
  9837 | Abyss:1  | Killed an ancient zyme
  9837 | Abyss:1  | Reached XP level 10. HP: 46/46 MP: 14/14
  9943 | Abyss:1  | Noticed a bone dragon
  9949 | Abyss:1  | Noticed a profane servitor
 10135 | Abyss:1  | Noticed a sixfirhy
 10135 | Abyss:1  | Noticed a smoke demon
 10145 | Abyss:1  | Noticed a smoke demon
 10186 | Abyss:1  | Noticed an orange demon
 10315 | Abyss:1  | Noticed a spatial maelstrom
 10320 | Abyss:1  | HP: 1/46 [spatial maelstrom (3)]
 10323 | Abyss:1  | Mangled by a spatial maelstrom
 10324 | Abyss:1  | Reached XP level 9. HP: -10/42 MP: 13/13
 10324 | Abyss:1  | Noticed a glowing orange brain
 10347 | Abyss:1  | Noticed a large abomination
 10387 | Abyss:1  | Noticed a spatial maelstrom
 10441 | Abyss:1  | Mangled by a spatial maelstrom
 10442 | Abyss:1  | Reached XP level 8. HP: -9/39 MP: 12/12
 10465 | Abyss:1  | Noticed a great orb of eyes
 10476 | Abyss:1  | Noticed a starcursed mass
 10485 | Abyss:1  | Noticed a great orb of eyes
 10502 | Abyss:1  | Gained mutation: Your magical capacity is low. (-10% MP) [a
                  | neqoxec]
 10531 | Abyss:1  | Gained mutation: You are frail. (-10% HP) [a neqoxec]
 10536 | Abyss:1  | Noticed a worldbinder
 10542 | Abyss:1  | Noticed a blink frog
 10543 | Abyss:1  | Noticed a profane servitor
 10543 | Abyss:1  | Noticed a blink frog
 10544 | Abyss:1  | Noticed a deep elf mage
 10544 | Abyss:1  | Noticed a deep elf mage
 10549 | Abyss:1  | Found a corrupted altar of Lugonu.
 10553 | Abyss:1  | Noticed a tentacled starspawn
 10570 | Abyss:1  | Noticed a deep elf knight
 10570 | Abyss:1  | Noticed a smoke demon
 10574 | Abyss:1  | Noticed an ancient zyme
 10585 | Abyss:1  | Noticed a deep elf mage
 10603 | Abyss:1  | Noticed a blink frog
 10603 | Abyss:1  | Noticed a deep elf knight
 10611 | Abyss:1  | Noticed a deep elf mage
 10626 | Abyss:1  | Noticed a flying skull
 10631 | Abyss:1  | Noticed a large abomination
 10714 | Abyss:2  | Noticed a lich
 10718 | Abyss:2  | Noticed an Executioner
 10725 | Abyss:2  | Demolished by an Executioner

Levels and vault maps discovered:
D:1:      dpeg_arrival_prison, layout_loops_ring, kennysheep_doodads
D:2:      layout_basic, okawaru_trees_2, uniq_natasha
D:3:      layout_rooms, nicolae_ru_path_of_blood
D:4:      layout_gridville, makhleb_heckhound_becter,
          gammafunk_temple_overflow_claw, serial_shops, shop,
          hangedman_glass_garden, chequers_serial_rivers_small_a
D:5:      layout_basic, grunt_dithmenos_shadows,
          minmay_temple_entry_gardened_gates, first_ration,
          nicolae_qazlal_style_of_elements
D:6:      layout_basic, old_standard_altar, old_standard_altar, basic_altar
D:7:      layout_basic, xom_shifter_show, uniq_crazy_yiuf_cottage
D:8:      cheibrodos_fertilizer, layout_basic, kennysheep_mini_moat,
          hangedman_little_slice_of_home, kennysheep_crisscross
D:9:      layout_loops_ring, gammafunk_ghost_spectres, serial_shops,
          nicolae_shop_behind_doors, enter_bailey_3, minmay_lindwurm_lava,
          uniq_psyche, uniq_grum
Abyss:2:  base:
D:6

Skill      XL: |  1  2  3  4  5  6  7  8  9 |
---------------+----------------------------+-----
Unarmed Combat | 4 5 6 7 8 10 | 10.4
Dodging        | 5 6 7 9 10 | 10.0
Fighting       | 4 6 5 |  6.6
Stealth        | 6 5 |  6.3
Evocations     | 3 5 |  5.1

Action                   |  1- 3 |  4- 6 |  7- 9 | 10-12 || total
-------------------------+-------+-------+-------+-------++-------
Melee: Unarmed           |    35 |   137 |   289 |     6 ||   467
       Bite              |     3 |    18 |    38 |     1 ||    60
       Punch             |       |     1 |    13 |     1 ||    15
Invok: Berserk           |     2 |     9 |    14 |     1 ||    26
       Trog's Hand       |       |     1 |     1 |       ||     2
Evoke: Wand              |       |       |     5 |       ||     5
  Use: Potion            |       |       |     2 |       ||     2
       Scroll            |       |       |    11 |     1 ||    12
 Stab: Sleeping          |     2 |     3 |    11 |       ||    16
       Distracted        |       |       |       |     1 ||     1
  Eat: Chunk             |     8 |    14 |    21 |       ||    43
Armor: Skin              |     2 |       |    19 |       ||    21
Dodge: Dodged            |    20 |   110 |   295 |     5 ||   430
